 Dungeon Crawl Stone Soup version 0.26-a0-660-gc07710193c (webtiles) character file.

Game seed: 16972895616549396812

57644 oldriver the Peltast (level 14, -6/92 HPs)
             Began as a Gargoyle Fighter on Oct 6, 2020.
             Was the Champion of Ru.
             Mangled by an orc warlord
             ... wielding a +0 bardiche
              (42 damage)
             ... on level 1 of the Orcish Mines.
             The game lasted 00:29:05 (21558 turns).

oldriver the Peltast (Gargoyle Fighter)            Turns: 21558, Time: 00:29:06

Health: -6/92      AC: 30    Str: 21    XL:     14   Next: 87%
Magic:  14/14      EV: 10    Int: 12    God:    Ru [******]
Gold:   1239       SH: 19    Dex: 13    Spells: 13/13 levels left

rFire    x . .     SeeInvis .   m - +7 whip of Inflation {freeze, +Inv +Fly}
rCold    x . .     Faith    .   c - +0 kite shield
rNeg     + + .     Spirit   .   n - +0 chain mail of Amut {MR+ Regen+ Int+3} (curse)
rPois    ∞         Reflect  +   B - +0 helmet
rElec    +         Harm     .   k - +0 cloak
rCorr    +         Rampage  .   o - +1 pair of gloves
MR       ++...                  x - +2 pair of boots
Stlth    ..........             G - amulet of reflection
HPRegen  0.65/turn              M - ring of resist corrosion
MPRegen  0.14/turn              y - ring of positive energy

@: no scrolls, drained
A: big wings, negative energy resistance 1, electricity resistance, unbreathing,
petrification resistance, rot immunity, inability to read while threatened, no
stealth, hated by all, no earth magic, no summoning magic, no transmutations
magic, temperature sensitive, AC +10
a: Fly, Draw Out Power, Power Leap, Apocalypse, Renounce Religion, Evoke
Invisibility, Evoke Flight


You were on level 1 of the Orcish Mines.
You worshipped Ru.
Ru was exalted by your worship.
You visited 4 branches of the dungeon, and saw 21 of its levels.
You also visited: Gauntlet.

You collected 1633 gold pieces.
You spent 394 gold pieces at shops.

Inventory:

Hand Weapons
 m - the +7 whip of Inflation (weapon) {freeze, +Inv +Fly}
   (You found it on level 7 of the Dungeon)

   It has been specially enchanted to freeze those struck by it, causing extra
   injury to most foes and up to half again as much damage against particularly
   susceptible opponents.
   It can also slow down cold-blooded creatures.
   It lets you turn invisible.
   It lets you fly.
Armour
 c - a +0 kite shield (worn)
 k - a +0 cloak (worn)
 n - the cursed +0 chain mail of Amut (worn) {MR+ Regen+ Int+3}
   (You found it on level 9 of the Dungeon)

   It affects your intelligence (+3).
   It affects your resistance to hostile enchantments.
   It increases your rate of regeneration.
   It has a curse placed upon it.
 o - a +1 pair of gloves (worn)
 x - a +2 pair of boots (worn)
 B - a +0 helmet (worn)
Jewellery
 y - a ring of positive energy (right hand)
 F - an uncursed amulet of guardian spirit {unknown}
 G - an amulet of reflection (around neck)
 M - a ring of resist corrosion (left hand)
 N - an uncursed ring of protection from fire {unknown}
Wands
 b - a wand of digging (11)
 I - a wand of flame (68)
 J - a wand of disintegration (15)
Scrolls
 a - 7 scrolls of blinking
 e - 16 scrolls of remove curse
 i - 5 scrolls of amnesia
 p - 13 scrolls of identify
 q - a scroll of magic mapping
 r - 5 scrolls of enchant weapon
 s - 7 scrolls of teleportation
 t - 3 scrolls of fog
 w - 2 scrolls of noise
 D - a scroll of summoning
 H - 2 scrolls of enchant armour
 L - a scroll of fear
Potions
 d - 3 potions of might
 f - a potion of magic
 g - a potion of stabbing
 h - 2 potions of haste
 j - 2 potions of resistance
 l - 6 potions of curing
 u - a potion of berserk rage
 v - 3 potions of mutation {unknown}
 z - 2 potions of lignification {unknown}
 A - 9 potions of ambrosia {unknown}
 C - 2 potions of flight {unknown}
 E - a potion of brilliance {unknown}
 K - 4 potions of cancellation {unknown}
 O - a potion of invisibility {unknown}
 P - a potion of degeneration {unknown}


   Skills:
 + Level 12.0(10.8) Fighting
 + Level 13.7(12.5) Maces & Flails
 + Level 10.3(9.2) Armour
 + Level 5.7(4.7) Dodging
 + Level 16.1(14.8) Shields


You had 13 spell levels left.
You didn't know any spells.
Your spell library contained the following spells:

 Spells                   Type           Power        Failure   Level
 Apportation              Tloc           #.....       93%         1
 Corona                   Hex            #......      93%         1
 Freeze                   Ice            #...         93%         1
 Pain                     Necr           #...         93%         1
 Corpse Rot               Necr/Air       N/A          98%         2
 Poisonous Vapours        Pois/Air       #.....       98%         2
 Slow                     Hex            #.......     98%         2
 Confusing Touch          Hex            #.......     100%        3
 Frozen Ramparts          Ice            #.....       100%        3
 Gell's Gravitas          Tloc           #.........   100%        3
 Inner Flame              Hex/Fire       #.......     100%        3
 Mephitic Cloud           Conj/Pois/Air  #.......     100%        3
 Ozocubu's Armour         Ice            #.......     100%        3
 Portal Projectile        Hex/Tloc       #.....       100%        3
 Vampiric Draining        Necr           #.........   100%        3
 Airstrike                Air            #.........   100%        4
 Cause Fear               Hex            #.........   100%        4
 Hailstorm                Conj/Ice       #.......     100%        4
 Agony                    Necr           #.......     100%        5
 Metabolic Englaciation   Hex/Ice        #.........   100%        5
 Silence                  Hex/Air        #.........   100%        5
 Ozocubu's Refrigeration  Ice            #.........   100%        6
 Discord                  Hex            #.........   100%        8
 Animate Skeleton         Necr           Unusable     N/A         1
 Summon Small Mammal      Summ           Unusable     N/A         1
 Call Imp                 Summ           Unusable     N/A         2
 Call Canine Familiar     Summ           Unusable     N/A         3
 Stone Arrow              Conj/Erth      Unusable     N/A         3
 Summon Guardian Golem    Hex/Summ       Unusable     N/A         3
 Animate Dead             Necr           Unusable     N/A         4
 Leda's Liquefaction      Hex/Erth       Unusable     N/A         4
 Petrify                  Tmut/Erth      Unusable     N/A         4
 Summon Ice Beast         Ice/Summ       Unusable     N/A         4
 Summon Lightning Spire   Summ/Air       Unusable     N/A         4
 Summon Forest            Summ/Tloc      Unusable     N/A         5
 Yara's Violent Unravell  Hex/Tmut       Unusable     N/A         5
 Eringya's Noxious Bog    Tmut/Pois      Unusable     N/A         6
 Hydra Form               Tmut           Unusable     N/A         6
 Summon Hydra             Summ           Unusable     N/A         7

Dungeon Overview and Level Annotations

Branches:
Dungeon (14/15)            Temple (1/1) D:5            Lair (4/6) D:9
  Swamp (0/4) Lair:2        Snake (0/4) Lair:2          Orc (2/2) D:10
    Elf (0/3) Orc:2        Vaults (0/5) D:13        Gauntlet (visited)

Altars:
Ashenzari
Cheibriados
Dithmenos
Elyvilon
Fedhas
Gozag
Hepliaklqana
Kikubaaqudgha
Makhleb
Nemelex Xobeh
Okawaru
Qazlal
Ru
Sif Muna
Trog
Uskayaw
Vehumet
Wu Jian
Xom
Yredelemnul
Zin
The Shining One
Beogh

Shops:
D:7 *   D:8 [

Annotations:
D:8 2 transporters
D:10 4 runed translucent doors, rogsnak's ghost, journeyman FoFi
D:11 2 transporters, qdestroyer's ghost, journeyman GrFi
D:14 Roxanne


Innate Abilities, Weirdness & Mutations

You are resistant to torment.
Your stone body is resilient. (AC +10)
You are immune to poison.
Your large and strong wings let you fly indefinitely.
You resist negative energy. (rN+)
You are resistant to electric shocks. (rElec)
You can survive without breathing.
You are immune to petrification.
You are immune to rotting.
You cannot read scrolls while threatened.
You cannot be stealthy.
You are hated by all.
You cannot study or cast Earth magic.
You cannot study or cast Summoning magic.
You cannot study or cast Transmutations magic.
You are sensitive to extremes of temperature. (rF-, rC-)


Message History

You feel threatened and lose the ability to read scrolls!
You are too injured to fight recklessly!
You are too injured to fight recklessly!
You are too injured to fight recklessly!
You are too injured to fight recklessly!
You are too injured to fight recklessly!
You are too injured to fight recklessly!
You are too injured to fight recklessly!
You are too injured to fight recklessly!
You are too injured to fight recklessly!
You are too injured to fight recklessly!
You are too injured to fight recklessly!
You are too injured to fight recklessly!
You are too injured to fight recklessly!
You are too injured to fight recklessly!
You are too injured to fight recklessly!
You are too injured to fight recklessly!
The orc warrior no longer looks unusually strong.
The orc warlord hits you from afar with a +0 bardiche!!!
You die...

#.......>........######
##............#.##
##..........####
#......#.....#.##
##.....##.......#
###...^.......##
###o#......#.##
###)o....#....#
##.@...........##
#.....#...#.#...#
##.####...####.## ###
##.## ### ###


You could see an orc warlord (strong, slow) and an orc knight (strong).

Vanquished Creatures
  A minotaur (Gauntlet)
  A death ooze (Gauntlet)
  8 vault guards (D:13)
  A boulder beetle (D:10)
  5 hydras
  A catoblepas (Gauntlet)
  2 centaur warriors (D:14)
  2 two-headed ogres
  Urug (D:10)
  An orc high priest (Orc:2)
  Nergalle (Lair:1)
  A lindwurm (Lair:4)
  An orc knight (Orc:2)
  5 ugly things
  2 orc sorcerers (Orc:2)
  A deep elf mage (D:14)
  2 cyclopes
  3 manticores
  12 elephants
  2 black mambas
  A torpor snail (Lair:1)
  7 cane toads
  3 rime drakes
  3 gargoyles
  Maggie (D:8)
  4 komodo dragons
  2 centaur skeletons
  An efreet (D:14)
  3 trolls
  3 tyrant leeches (Lair:2)
  A queen bee (Lair:2)
  2 polar bears
  2 blink frogs (Lair:2)
  2 raiju (Gauntlet)
  3 centaur simulacra (D:12)
  A wraith (D:10)
  39 yaks
  A vampire (D:14)
  6 wyverns
  A shadow (D:12)
  A basilisk (D:9)
  2 steam dragons (Lair:2)
  3 vampire mosquitoes (D:12)
  An acid dragon (D:12)
  2 wargs (Orc:1)
  10 water moccasins
  2 soldier ants
  16 orc warriors
  8 ice beasts
  A sky beast (D:8)
  A hornet zombie (D:14)
  3 black bears
  An eye of draining (D:10)
  3 boggarts (D:14)
  4 phantoms
  27 wolves
  16 centaurs
  5 ogres
  2 necrophages
  2 big kobolds
  9 bullfrogs
  4 scorpions
  44 killer bees
  5 wights (D:8)
  2 howler monkeys (D:7)
  An electric eel (D:12)
  A bullfrog zombie (D:13)
  2 hounds (D:12)
  A quasit (D:12)
  3 centaur zombies
  4 jellies
  7 orc priests
  26 orc wizards
  2 bullfrog skeletons
  6 iguanas
  6 worker ants
  2 lightning spires (Gauntlet)
  2 bullfrog simulacra (D:12)
  2 hound zombies
  A hound skeleton (D:4)
  2 howler monkey zombies
  6 gnolls
  14 adders
  3 shadow imps
  4 white imps
  4 ufetubi
  2 oozes
  2 adder skeletons
  2 worms (D:3)
  9 dart slugs
  8 leopard geckos
  80 orcs
  10 bats
  8 giant cockroaches
  14 goblins
  8 hobgoblins
  5 jackals
  15 kobolds
  7 quokkas
  A ball python (D:3)
  A ball python skeleton (D:4)
  4 frilled lizards
  6 rats (D:1)
594 creatures vanquished.

Vanquished Creatures (others)
  2 unseen horrors
  A cyclops (D:12)
  A cane toad (Lair:4)
  2 yaks
  A wolf (Lair:2)
  A centaur (D:14)
  An iguana (D:12)
  An ufetubus (D:12)
  4 orcs
  A bat (D:3)
  A fire vortex (Lair:1)
  24 fungi
  24 plants
  14 withered plants (Gauntlet)
78 creatures vanquished.

Grand Total: 672 creatures vanquished

Notes
Turn   | Place    | Note
-------+----------+-------------------------------------------
     0 | D:1      | oldriver the Gargoyle Fighter began the quest for the Orb.
     0 | D:1      | Reached XP level 1. HP: 14/14 MP: 1/1
   177 | D:1      | Reached XP level 2. HP: 14/19 MP: 2/2
   550 | D:1      | Reached XP level 3. HP: 24/24 MP: 3/3
  1570 | D:2      | Reached XP level 4. HP: 27/29 MP: 4/4
  1967 | D:2      | Found a faded altar of an unknown god.
  2108 | D:3      | Found a sparkling altar of Nemelex Xobeh.
  2432 | D:3      | Reached XP level 5. HP: 25/33 MP: 5/5
  2592 | D:3      | Found a snail-covered altar of Cheibriados.
  2728 | D:3      | Reached skill level 1 in Dodging
  2825 | D:3      | Found a hazy altar of Hepliaklqana.
  3183 | D:4      | Found a hide-covered altar of Uskayaw.
  3275 | D:4      | Reached skill level 4 in Shields
  3349 | D:4      | Reached XP level 6. HP: 25/38 MP: 6/6
  3529 | D:4      | You fall into a shaft and drop 3 floors!
  3645 | D:6      | Reached skill level 5 in Maces & Flails
  3791 | D:6      | Noticed a phantom
  3819 | D:6      | Killed a phantom
  3819 | D:6      | Reached XP level 7. HP: 39/44 MP: 7/7
  4077 | D:5      | Entered Level 5 of the Dungeon
  4146 | D:5      | Reached skill level 5 in Fighting
  4356 | D:5      | Found a staircase to the Ecumenical Temple.
  4371 | Temple   | Entered the Ecumenical Temple
  4619 | Temple   | Became a worshipper of Ru the Awakened
  4721 | D:7      | Noticed a yak
  4893 | D:6      | Reached skill level 5 in Shields
  4893 | D:6      | Reached XP level 8. HP: 25/49 MP: 8/8
  5590 | D:5      | Found an opulent altar of Gozag.
  7082 | D:7      | Noticed an angel
  7083 | D:7      | Found a glowing silver altar of Zin.
  7096 | D:7      | Found a shimmering altar of Xom.
  7593 | D:7      | Noticed a yak
  7593 | D:7      | Noticed a yak
  7594 | D:7      | Noticed a yak
  7604 | D:7      | Noticed a yak
  7614 | D:7      | Killed a yak
  7626 | D:7      | Killed a yak
  7626 | D:7      | Reached skill level 5 in Armour
  7626 | D:7      | Reached XP level 9. HP: 55/55 MP: 9/9
  7636 | D:7      | Reached skill level 6 in Shields
  7803 | D:7      | Found Axkaorap's General Store.
  7815 | D:7      | Bought the +4 scale mail of Muuguf {Str+4} for 394 gold
                  | pieces
  7830 | D:7      | Gained mutation: You are sensitive to extremes of
                  | temperature. (rF-, rC-) [Ru sacrifice]
  7830 | D:7      | Reached * piety under Ru
  7830 | D:7      | Reached ** piety under Ru
  8323 | D:8      | Found Laorip's Antique Armour Shop.
  8430 | D:8      | Found a transporter.
  8434 | D:8      | Noticed a troll
  8435 | D:8      | Found a roughly hewn altar of Beogh.
  8435 | D:8      | Found a transporter.
  8475 | D:8      | Noticed Maggie
  8494 | D:8      | Killed Maggie
  8494 | D:8      | Reached skill level 1 in Stealth
  8494 | D:8      | Reached skill level 7 in Shields
  8494 | D:8      | Reached XP level 10. HP: 38/61 MP: 10/10
  8627 | D:8      | Found an iron altar of Okawaru.
  8651 | D:8      | Reached skill level 10 in Maces & Flails
  9331 | D:9      | Noticed an elephant
  9396 | D:8      | Killed an elephant
  9645 | D:9      | Found a staircase to the Lair.
  9889 | D:9      | Reached skill level 8 in Shields
 10089 | D:9      | Gained mutation: You cannot read scrolls while threatened.
                  | [Ru sacrifice]
 10089 | D:9      | Reached *** piety under Ru
 10089 | D:9      | Reached **** piety under Ru
 10334 | D:9      | Got a bloodstained chain mail
 10345 | D:9      | Identified the cursed +0 chain mail of Amut {MR+ Regen+
                  | Int+3} (You found it on level 9 of the Dungeon)
 10408 | D:7      | Got a crystal whip
 10409 | D:7      | Identified the +7 whip of Inflation {freeze, +Inv +Fly}
                  | (You found it on level 7 of the Dungeon)
 10446 | D:10     | Entered Level 10 of the Dungeon
 10482 | D:9      | Noticed an unseen horror
 10485 | D:9      | Killed an unseen horror
 11024 | D:10     | Noticed Urug
 11044 | D:10     | Killed Urug
 11044 | D:10     | Reached XP level 11. HP: 43/68 MP: 11/11
 11099 | D:10     | Found a staircase to the Orcish Mines.
 11148 | D:10     | Reached skill level 9 in Shields
 11226 | D:10     | Found a runed translucent gate.
 11226 | D:10     | Found a runed translucent gate.
 11227 | D:10     | Found a runed translucent gate.
 11231 | D:10     | Noticed rogsnak's ghost (journeyman FoFi)
 11343 | D:10     | Noticed a two-headed ogre
 11355 | D:10     | Killed a two-headed ogre
 11761 | D:10     | Found a runed translucent door.
 11761 | D:10     | Noticed a boulder beetle
 11762 | D:10     | Noticed a frost giant
 11802 | D:10     | Killed a boulder beetle
 12131 | Lair:1   | Entered Level 1 of the Lair of Beasts
 12374 | Lair:1   | Gained mutation: You cannot be stealthy. [Ru sacrifice]
 12441 | Lair:1   | Reached skill level 10 in Shields
 12533 | Lair:1   | Noticed Nergalle
 12574 | Lair:1   | Killed Nergalle
 13103 | Lair:2   | Found a staircase to the Swamp.
 13184 | Lair:2   | Found a staircase to the Snake Pit.
 13371 | Lair:2   | Reached XP level 12. HP: 75/75 MP: 12/12
 13524 | Lair:2   | Reached skill level 11 in Shields
 14125 | Lair:2   | Reached skill level 12 in Shields
 14218 | Lair:2   | Gained mutation: You cannot study or cast Earth magic. [Ru
                  | sacrifice]
 14218 | Lair:2   | Gained mutation: You cannot study or cast Transmutations
                  | magic. [Ru sacrifice]
 14218 | Lair:2   | Gained mutation: You cannot study or cast Summoning magic.
                  | [Ru sacrifice]
 14218 | Lair:2   | Reached ***** piety under Ru
 14940 | Lair:3   | Noticed a four-headed hydra
 14986 | Lair:3   | Killed a four-headed hydra
 15076 | Lair:3   | Reached skill level 13 in Shields
 15076 | Lair:3   | Reached XP level 13. HP: 82/82 MP: 13/13
 15241 | Lair:3   | Reached skill level 10 in Fighting
 16685 | Lair:4   | Reached skill level 5 in Dodging
 17027 | D:11     | Reached skill level 14 in Shields
 17442 | D:11     | Found a transporter.
 17457 | D:11     | Noticed a fire giant
 17459 | D:11     | Noticed qdestroyer's ghost (journeyman GrFi)
 17548 | D:11     | Found a transporter.
 17796 | D:12     | Found a gate leading to a gauntlet.
 17883 | Gauntlet | Entered a Gauntlet
 17883 | Gauntlet | Found a transporter.
 17883 | Gauntlet | Found a transporter.
 17886 | Gauntlet | Noticed a death ooze
 17899 | Gauntlet | Found a transporter.
 17899 | Gauntlet | Found a transporter.
 17908 | Gauntlet | Found a transporter.
 17931 | Gauntlet | Found a transporter.
 17937 | Gauntlet | Found a transporter.
 17937 | Gauntlet | Found a transporter.
 17941 | Gauntlet | Found a transporter.
 17950 | Gauntlet | Noticed a green death
 17968 | Gauntlet | Found a transporter.
 17975 | Gauntlet | Found a transporter.
 17993 | Gauntlet | Found a transporter.
 18039 | Gauntlet | Found a transporter.
 18055 | Gauntlet | Found a transporter.
 18156 | Gauntlet | Found a transporter.
 18174 | Gauntlet | Found a transporter.
 18340 | Gauntlet | Killed a death ooze
 18484 | Gauntlet | Gained mutation: Your large and strong wings let you fly
                  | indefinitely. [Gargoyle growth]
 18484 | Gauntlet | Reached XP level 14. HP: 90/90 MP: 14/14
 18500 | Gauntlet | Identified the Catalogue of the Feathery Frostbite
 19505 | D:13     | Found a gate to the Vaults.
 19529 | D:13     | Reached skill level 15 in Shields
 19836 | D:13     | Reached skill level 10 in Armour
 20199 | D:14     | Identified Roxanne's Reference Book on Changing
 20199 | D:14     | Noticed Roxanne
 20486 | D:14     | Gained mutation: You are hated by all. [Ru sacrifice]
 20486 | D:14     | Reached ****** piety under Ru
 20942 | Orc:1    | Entered Level 1 of the Orcish Mines
 21167 | Orc:2    | Entered Level 2 of the Orcish Mines
 21238 | Orc:2    | Found a staircase to the Elven Halls.
 21263 | Orc:2    | Noticed an orc warlord
 21269 | Orc:2    | Reached skill level 16 in Shields
 21558 | Orc:1    | Mangled by an orc warlord

Illustrated notes

Levels and vault maps discovered:
D:1:      onia_arrival_mini_maze, layout_basic, chequers_serial_rivers_small_3,
          nrook_uturn
D:2:      layout_rooms, chequers_ecumenical_altar_grove
D:3:      layout_loops_ring, overflow_temple_1_default, lemuel_crystal_altar,
          kennysheep_slug_shrine, wad_floor_pattern_1, kennysheep_another_room
D:4:      layout_basic, lemuel_crystal_altar
D:5:      layout_basic, lemuel_round_altar, minmay_temple_entry_offerings
D:6:      lemuel_ice_spiral_2, layout_basic
D:7:      layout_rooms, grunt_temple_overflow_order_and_chaos_1, serial_shops,
          shop_statue
D:8:      gammafunk_beogh_shrine, layout_layer_cave, okawaru_trees_2,
          serial_shops, shop, minivault_19, uniq_maggie
D:9:      layout_stronghold, david_lair_generic
D:10:     layout_long_grid, erik_orc_3, gammafunk_ghost_necromancy,
          minivault_13, uniq_urug
D:11:     layout_long_grid, gammafunk_ghost_arena
D:12:     layout_cave_pools, gauntlet_entry_generic, serial_ice, serial_ice_l,
          serial_ice_h, serial_ice_n, serial_ice_m, serial_ice_e, serial_ice_b,
          serial_ice_a, serial_ice_g, minmay_misc_feat_more_columns
D:13:     layout_irregular_city, erik_vaults_2, lightli_corner_chamber
D:14:     layout_rooms, kennysheep_crisscross, uniq_roxanne
Temple:   minmay_temple_curvy_branch
Lair:1:   layout_gridlike, grunt_megastairs_3, uniq_nergalle
Lair:2:   regret_index_wax_grids, layout_regular_city, minmay_swamp_entry_worms,
          guppyfry_snake_entry_island
Lair:3:   layout_hall_layers
Lair:4:   layout_hall_layers, lemuel_fruit_tree
Orc:1:    layout_caves
Orc:2:    st_orc_congregation, layout_caves, nicolae_volcano_entry_lava_flow

Skill      XL: |  1  2  3  4  5  6  7  8  9 10 11 12 13 14 |
---------------+-------------------------------------------+-----
Maces & Flails | 3 4 5 6 8 9 11 12 13 | 13.7
Fighting       | 4 5 6 7 8 9 11 12 | 12.0
Dodging        | 1 2 3 4 5 |  5.7
Shields        | 4 5 7 8 10 13 14 16 | 16.1
Armour         | 4 5 6 7 8 9 10 | 10.3
Stealth        | 1 0 |  0.0

Action                   |  1- 3 |  4- 6 |  7- 9 | 10-12 | 13-15 || total
-------------------------+-------+-------+-------+-------+-------++-------
Melee: Flail             |   135 |   251 |   436 |   139 |       ||   961
       Whip              |       |       |       |   988 |  1357 ||  2345
Invok: Sacrifice Resista |       |       |     1 |       |       ||     1
       Sacrifice Words   |       |       |       |     1 |       ||     1
       Sacrifice Stealth |       |       |       |     1 |       ||     1
       Sacrifice Arcana  |       |       |       |     1 |       ||     1
       Reject Sacrifices |       |       |       |       |     1 ||     1
       Apocalypse        |       |       |       |       |     2 ||     2
       Power Leap        |       |       |       |       |     1 ||     1
       Sacrifice Love    |       |       |       |       |     1 ||     1
  Use: Scroll            |       |       |    14 |       |     3 ||    17
       Potion            |       |       |       |     6 |       ||     6
 Stab: Invisible         |       |       |     1 |     3 |     1 ||     5
       Distracted        |       |       |       |     6 |     6 ||    12
Armor: Scale mail        |    85 |   157 |   163 |    44 |       ||   449
       Chain mail        |       |       |    47 |   276 |   353 ||   676
Dodge: Dodged            |    38 |    88 |   112 |   177 |   184 ||   599
Block: Kite shield       |    71 |   148 |   288 |   695 |   795 ||  1997
       Reflection        |       |       |     3 |    15 |    61 ||    79

Table legend: (Time is in decaauts)
 A = Elapsed time spent in this place.
 B = Non-inter-level travel time spent in this place.
 C = Inter-level travel time spent in this place.
 D = Time resting spent in this place.
 E = Time spent auto-exploring this place.
 F = Levels seen in this place.
 G = Mean time per level.
                   A        B        C        D        E       F      G
               +--------+--------+--------+--------+--------+-----+--------+
         Total |  20621 |  19594 |   1027 |   3050 |  11701 |  22 |  937.3 |
       Dungeon |  14821 |  14059 |    762 |   2624 |   8135 |  14 | 1058.6 |
        Temple |    273 |    224 |     49 |      0 |    223 |   1 |  273.0 |
          Lair |   4299 |   4106 |    193 |    304 |   2753 |   4 | 1074.8 |
  Orcish Mines |    534 |    512 |     22 |     77 |    227 |   2 |  267.0 |
      Gauntlet |    691 |    691 |      0 |     45 |    362 |   1 |  691.0 |
               +--------+--------+--------+--------+--------+-----+--------+

Top non-repeatable levels by time:
     D:6: 1679 daAuts
     D:1: 1607 daAuts
     D:8: 1523 daAuts
     D:9: 1422 daAuts
     D:7: 1360 daAuts
  Lair:2: 1341 daAuts
     D:5: 1282 daAuts
  Lair:3: 1152 daAuts
    D:10: 1098 daAuts
     D:3: 956 daAuts
  Lair:4: 930 daAuts
  Lair:1: 875 daAuts
    D:13: 823 daAuts
    D:12: 753 daAuts
    D:11: 702 daAuts
